 Dungeon Crawl Stone Soup version 0.31.0-32-g396128a36d (webtiles) character file.

Game seed: 12946060651509540573

189 Fractals the Conjurer (level 5, -8/30 HPs)
             Began as a Tengu Conjurer on Apr 5, 2024.
             Killed by divine providence
             ... invoked by an orc priest
              (15 damage)
             ... on level 3 of the Dungeon.
             The game lasted 00:05:36 (1903 turns).

Fractals the Conjurer (Tengu Conjurer)              Turns: 1903, Time: 00:05:37

Health: -8/30      AC:  2    Str: 15    XL:     5   Next: 68%
Magic:  9/12       EV: 27    Int: 19    God:
Gold:   88         SH:  0    Dex: 18    Spells: 5/12 levels left

rFire   + . .        o - +1 dagger (venom)
rCold   + . .        (no shield)
rNeg    . . .        a - +0 robe
rPois   .            (helmet restricted)
rElec   .            g - scarf {rC+ rF+}
rCorr   .            (no gloves)
SInv    .            (boots unavailable)
Will    .....        (no amulet)
Stlth   ++           i - +6 ring of dexterity
HPRegen 0.25/turn    n - +6 ring of strength
MPRegen 0.13/turn

%: acrobat
@: acrobatic
A: beak, talons 3, acrobatic
a: no special abilities


You were on level 3 of the Dungeon.
You visited 1 branch of the dungeon, and saw 3 of its levels.

You collected 88 gold pieces.

Inventory:

Hand Weapons
 h - a +1 whip of holy wrath
 o - a +1 dagger of venom (weapon)
Armour
 a - a +0 robe (worn)
 g - a scarf of resistance (worn)
Jewellery
 i - a +6 ring of dexterity (left hand)
 n - a +6 ring of strength (right hand)
Scrolls
 d - a scroll of torment {unknown}
 f - a scroll of immolation {unknown}
 j - a scroll of teleportation {unknown}
 k - a scroll of vulnerability {unknown}
 m - a scroll of enchant armour {unknown}
 p - a scroll of poison {unknown}
 q - a scroll of amnesia {unknown}
Potions
 b - a potion of magic
 c - a potion of lignification {unknown}
 e - 2 potions of cancellation {unknown}
 l - 2 potions of curing {unknown}


   Skills:
 - Level 2.0 Fighting
 - Level 2.1 Dodging
 - Level 3.0 Stealth
 + Level 4.0 Spellcasting
 - Level 6.0 Conjurations
 + Level 0.0 Alchemy


You had 5 spell levels left.
You knew the following spells:

 Your Spells              Type           Power      Damage    Failure   Level
a - Magic Dart            Conj           100%       1d8       1%          1
b - Searing Ray           Conj           52%        2d6       1%          2
c - Fulminant Prism       Conj/Alch      7%         3d7       36%         4

Your spell library contained the following spells:

 Spells                   Type           Power      Damage    Failure   Level
 Sting                    Conj/Alch      60%        1d6       4%          1
 Dazzling Flash           Conj/Hex       30%        N/A       12%         3
 Apportation              Tloc           6%         N/A       14%         1
 Necrotise                Necr           12%        1d4       14%         1
 Summon Small Mammal      Summ           12%        N/A       14%         1
 Ensorcelled Hibernation  Hex/Ice        6%         N/A       21%         2
 Scorch                   Fire           6%         2d5       21%         2
 Flame Wave               Conj/Fire      15%        2d7       36%         4
 Iskenderun's Mystic Bla  Conj/Tloc      15%        2d5       36%         4
 Fugue of the Fallen      Necr           3%         N/A       38%         3
 Volatile Blastmotes      Fire/Tloc      6%         2d10      38%         3
 Anguish                  Hex/Necr       1%         N/A       80%         4
 Starburst                Conj/Fire      7%         6d4       99%         6
 Summon Cactus Giant      Summ           1%         N/A       100%        6
 Maxwell's Capacitive Co  Air            1%         ∞         100%        8
 Chain Lightning          Conj/Air       7%         3d10      100%        9
 Fire Storm               Conj/Fire      7%         8d2       100%        9
 Shatter                  Erth           1%         3d6*      100%        9


Dungeon Overview and Level Annotations

Branches:
Dungeon (3/15)

Altars:
Trog

Shops:
D:1 [


Innate Abilities, Weirdness & Mutations

You have a beak for a mouth.
You have claws for feet.
You can magically evade attacks while moving or waiting.


Message History

The orc wizard shouts!
You hear a shout!
Casting: Magic Dart (safe; 1% risk of failure)
Confirm with . or Enter, or press ? or * to list all spells.
You can't see any susceptible monsters within range! (Use Z to cast anyway.) Unknown command.
Aiming: Magic Dart (safe; 1% risk of failure)
Press: ? - help, Q - select action, (/) - cycle Shift-Dir - straight line, f/p - orc priest
Aim: an orc priest, wielding a +0 hand axe (lightly wounded, 100% to hit)
The magic dart hits the orc priest.
The orc priest is heavily wounded.
The orc priest invokes the aid of Beogh against you.
Beogh smites you!
An orc comes into view. It is wielding a +0 falchion.
You hear a shout!
Casting: Magic Dart (safe; 1% risk of failure)
Confirm with . or Enter, or press ? or * to list all spells.
Okay, then.
Aiming: Magic Dart (safe; 1% risk of failure)
Press: ? - help, Q - select action, (/) - cycle Shift-Dir - straight line, f/p - orc priest
Aim: an orc priest, wielding a +0 hand axe (heavily wounded, 100% to hit)
The magic dart hits the orc priest.
The orc priest is severely wounded.
The orc wizard casts a spell at you. The puff of flame hits you. You resist.
Aiming: Magic Dart (safe; 1% risk of failure)
Press: ? - help, Q - select action, (/) - cycle Shift-Dir - straight line, f/p - orc priest
Aim: an orc priest, wielding a +0 hand axe (severely wounded, 100% to hit)
The magic dart hits the orc priest.
The orc priest is severely wounded.
The orc priest calls down the wrath of Beogh upon you.
Beogh smites you!
* * * LOW HITPOINT WARNING * * *
An orc comes into view. It is wielding a +0 whip.
The orc priest calls down the wrath of Beogh upon you.
You barely resist.
The orc priest looks satisfied for a moment.
The orc priest mumbles some strange prayers to Beogh against you.
Beogh smites you!
Ouch! That really hurt!
You die...

#.# ##o#########.#
##...#........#
#......########
##...#.# ##.##.#
#######.##.#
...........#
#######@#### #.#
##### #.# #...# #.#
#...# #.####...####
######.#.........#
#................#
.......#
#.####<#.........##
.......#
##...###.#...).#


You could see an orc priest.

Vanquished Creatures
  An ogre (D:3)
  4 gnolls (D:3)
  2 adders (D:2)
  A dart slug (D:1)
  3 endoplasms
  2 giant cockroaches
  5 goblins
  3 hobgoblins
  4 quokkas
  4 ball pythons
  3 bats
  4 frilled lizards
  11 kobolds
  5 rats
52 creatures vanquished.

Notes
Turn   | Place    | Note
-------+----------+-------------------------------------------
     0 | D:1      | Fractals the Tengu Conjurer began the quest for the Orb.
     0 | D:1      | Reached XP level 1. HP: 10/10 MP: 4/4
   147 | D:1      | Reached skill level 1 in Fighting
   147 | D:1      | Reached XP level 2. HP: 16/16 MP: 4/6
   270 | D:1      | Learned a level 2 spell: Searing Ray
   398 | D:1      | Found Etank's Armour Emporium.
   691 | D:2      | Reached XP level 3. HP: 20/20 MP: 2/7
  1025 | D:2      | Reached XP level 4. HP: 26/26 MP: 4/9
  1303 | D:2      | Found a bloodstained altar of Trog.
  1618 | D:3      | Learned a level 4 spell: Fulminant Prism
  1784 | D:3      | Noticed an ogre
  1792 | D:3      | Killed an ogre
  1793 | D:3      | Reached skill level 6 in Conjurations
  1793 | D:3      | Reached XP level 5. HP: 30/30 MP: 4/12
  1903 | D:3      | Killed from afar by an orc priest

Illustrated notes

Levels and vault maps discovered:
D:1:      psy_arrival_heroes, layout_rooms, serial_shops, shop
D:2:      layout_rooms, basic_altar, fountainhead, minmay_tromino_v7
D:3:      minmay_diamond_boxcup, layout_loops_corners, serial_shops, shop

Skill      XL: |  1  2  3  4 |
---------------+-------------+-----
Fighting       | 1 2 |  2.0
Stealth        | 3 |  3.0
Spellcasting   | 4 |  4.0
Conjurations   | 6 |  6.0
Dodging        | |  2.1

Action                     |  1- 3 |  4- 6 || total
---------------------------+-------+-------++-------
  Melee: Unarmed           |    13 |       ||    13
         Kick              |     8 |     5 ||    13
         Dagger            |    24 |    18 ||    42
         Peck              |     2 |     1 ||     3
   Cast: Magic Dart        |    24 |    12 ||    36
         Searing Ray       |     8 |     3 ||    11
   Stab: Sleeping          |     3 |     1 ||     4
 Armour: Robe              |    22 |     5 ||    27
  Dodge: Dodged            |    30 |     9 ||    39
